 Dungeon Crawl Stone Soup version 0.22.1-1-ga44c0e5 (webtiles) character file.

65 Jawreze the Chopper (level 3, -2/43 HPs)
             Began as a Demonspawn Berserker on Oct 28, 2018.
             Was a Believer of Trog.
             Slain by Crazy Yiuf
             ... wielding a +2 quarterstaff of chaos
              (14 damage)
             ... on level 2 of the Dungeon.
             The game lasted 00:04:16 (2059 turns).

Jawreze the Chopper (Demonspawn Berserker)          Turns: 2059, Time: 00:04:17

Health: -2/43      AC:  3    Str: 23    XL:     3   Next: 92%
Magic:  3/3        EV: 12    Int:  8    God:    Trog [**....]
Gold:   47         SH:  0    Dex: 12    Spells: 2/2 levels left

rFire    . . .     SeeInvis .   a - +0 hand axe
rCold    . . .     Gourm    .   (no shield)
rNeg     . . .     Faith    .   b - +0 animal skin
rPois    .         Spirit   .   n - +0 helmet
rElec    .         Reflect  .   (no cloak)
rCorr    .         Harm     .   (no gloves)
MR       .....                  (no boots)
Stlth    ..........             (no amulet)
HPRegen  0.14/turn              (no ring)
MPRegen  0.08/turn              (no ring)

@: berserking, very quick
A: claws 1
a: Berserk, Trog's Hand, Renounce Religion


You were on level 2 of the Dungeon.
You worshipped Trog.
Trog was pleased with you.
You were very hungry.

You visited 1 branch of the dungeon, and saw 2 of its levels.

You collected 47 gold pieces.

Inventory:

Hand Weapons
 a - a +0 hand axe (weapon)
Missiles
 f - 140 stones (quivered)
Armour
 b - a +0 animal skin (worn)
 g - a +0 plate armour
 k - a +0 ring mail
 n - a +0 helmet (worn)
Magical Staves
 m - an uncursed staff of death {unknown}
Jewellery
 o - an uncursed ring of protection from fire {unknown}
Scrolls
 e - 3 scrolls of remove curse {unknown}
 h - 2 scrolls of immolation {unknown}
 j - a scroll of enchant weapon {unknown}
 l - 2 scrolls of identify {unknown}
 p - a scroll of enchant armour {unknown}
Potions
 d - 4 potions of flight {unknown}
 i - 3 potions of curing {unknown}
 q - a potion of cancellation {unknown}
Comestibles
 c - 2 rations


   Skills:
 - Level 3.2 Fighting
 * Level 3.8 Axes
 - Level 0.2 Throwing
 + Level 2.3 Armour
 - Level 1.8 Dodging


You had 2 spell levels left.
You didn't know any spells.
Your spell library was empty.

Dungeon Overview and Level Annotations

Branches:
Dungeon (2/15)

Altars:

Annotations:
D:2 Crazy Yiuf


Innate Abilities, Weirdness & Mutations

You have sharp fingernails.


Message History

Crazy Yiuf freezes you.
You barely miss Crazy Yiuf.
Crazy Yiuf is severely wounded.
Crazy Yiuf says, "Action tea rumpyflump!"
Crazy Yiuf hits you with a quarterstaff of chaos.
You closely miss Crazy Yiuf.
Crazy Yiuf is severely wounded.
Crazy Yiuf hits you with a quarterstaff of chaos!
You are electrocuted!
* * * LOW HITPOINT WARNING * * *
You closely miss Crazy Yiuf.
Crazy Yiuf is severely wounded.
You hit Crazy Yiuf.
Crazy Yiuf is severely wounded.
Crazy Yiuf barely misses you.
You barely miss Crazy Yiuf.
Crazy Yiuf is severely wounded.
Crazy Yiuf grits, "Mama bush rumpyflump!"
Crazy Yiuf hits you with a quarterstaff of chaos!
You die...

.........##.#
.#######.##.#
..### #.##.#
#...# #.####
..#.####.#
.##.##...##
♣♣♣♣♣###
.##.>.....# ####
♣♣♣.♣....##
..........#
#...#♣..♣......##
######.##.#
#..g@.♣♣♣♣......#
#.##.# #)..#♣♣
♣♣.....# #.##.#
#### ♣♣##..#
#.#### #.## #.#
#.# #.# ##### #.#
#.# #.#.# ##.#
#.# #...# #..# ##
#.# ##.#.###.##


You could see Crazy Yiuf.

Vanquished Creatures
  3 adders (D:2)
  A worm (D:2)
  2 dart slugs (D:1)
  A leopard gecko (D:1)
  3 giant cockroaches (D:2)
  4 goblins
  4 hobgoblins
  2 bats
  2 frilled lizards (D:1)
  4 kobolds
  6 rats
32 creatures vanquished.

Notes
Turn   | Place    | Note
-------+----------+-------------------------------------------
     0 | D:1      | Jawreze the Demonspawn Berserker began the quest for the
                  | Orb.
     0 | D:1      | Reached XP level 1. HP: 18/18 MP: 1/1
   290 | D:1      | Gained mutation: You have sharp fingernails. [demonic
                  | ancestry]
   290 | D:1      | Reached XP level 2. HP: 14/24 MP: 2/2
  1305 | D:2      | Reached XP level 3. HP: 29/29 MP: 3/3
  1607 | D:2      | Reached ** piety under Trog
  1777 | D:2      | Found a runed door.
  2050 | D:2      | Noticed Crazy Yiuf
  2059 | D:2      | Slain by Crazy Yiuf

Skill      XL: |  1  2 |
---------------+-------+-----
Axes           | 3 |  3.8
Armour         | 2 |  2.3
Fighting       | |  3.2
Throwing       | |  0.2
Dodging        | |  1.8

Action                   || total
-------------------------++-------
Melee: Hand axe          ||    90
Throw: Stone             ||    31
Invok: Berserk           ||     4
 Stab: Sleeping          ||     2
  Eat: Chunk             ||     6
Armor: Animal skin       ||    20
Dodge: Dodged            ||    60
